 Dungeon Crawl Stone Soup version 0.31-a0-303-gdc8c9485ea (webtiles) character file.

Game seed: 1499549106266012100

1535 LeprechaunX the Changeling (level 8, -19/57 HPs)
             Began as an Octopode Shapeshifter on July 17, 2023.
             Demolished by an ogre
             ... wielding a +0 giant club
              (29 damage)
             ... on level 6 of the Dungeon.
             The game lasted 00:20:11 (4627 turns).

LeprechaunX the Changeling (Octopode Shapeshifter)  Turns: 4627, Time: 00:20:12

Health: -19/57     AC:  1    Str: 16    XL:     8   Next: 86%
Magic:  8/8        EV: 13    Int: 10    God:
Gold:   316        SH:  0    Dex: 13    Spells: 7/7 levels left

rFire   . . .        o - +5 spear (heavy)
rCold   . . .        (no shield)
rNeg    . . .        (helmet currently unavailable)
rPois   .            m - amulet of regeneration
rElec   .            (no ring)
rCorr   .            (no ring)
SInv    .            (no ring)
Will    .....        (no ring)
Stlth   ++           (no ring)
HPRegen 1.09/turn    (no ring)
MPRegen 0.11/turn    (no ring)
                     (no ring)

%: no passive effects
@: beast-form, studying Hexes
A: beast (slay +5), almost no armour, amphibious, 8 rings, camouflage 1,
gelatinous body 1, (nimble swimmer 1), tentacles
a: Begin Untransformation


You were on level 6 of the Dungeon.
You were a hulking beast.
You visited 1 branch of the dungeon, and saw 7 of its levels.
You also visited: Sewer.

You collected 316 gold pieces.

Inventory:

Hand Weapons
 a - a +0 sling
 o - a +5 heavy spear (weapon)
Missiles
 g - 21 poisoned darts (quivered)
 t - a curare-tipped dart
Jewellery
 m - an amulet of regeneration (around mantle)
Talismans
 b - a beast talisman
 c - a storm talisman
Wands
 p - a wand of flame (14)
 E - a wand of polymorph (5)
 F - a wand of digging (3)
Scrolls
 d - 3 scrolls of teleportation {unknown}
 h - a scroll of enchant armour {unknown}
 k - a scroll of noise {unknown}
 n - 4 scrolls of fear {unknown}
 s - a scroll of immolation {unknown}
 u - a scroll of vulnerability {unknown}
 v - a scroll of brand weapon {unknown}
 y - 2 scrolls of fog {unknown}
 A - a scroll of identify {unknown}
 C - a scroll of enchant weapon {unknown}
 G - 2 scrolls of blinking {unknown}
 H - 2 scrolls of revelation {unknown}
Potions
 e - 4 potions of heal wounds {unknown}
 f - 2 potions of mutation {unknown}
 i - a potion of degeneration {unknown}
 j - 2 potions of attraction {unknown}
 l - a potion of lignification
 q - 2 potions of cancellation {unknown}
 r - 2 potions of curing {unknown}
 w - 2 potions of magic {unknown}
 x - 3 potions of haste {unknown}
 z - a potion of resistance {unknown}
 B - a potion of brilliance {unknown}
 D - a potion of might {unknown}


   Skills:
 + Level 6.0 Fighting
 - Level 3.0 Polearms
 - Level 2.0 Dodging
 - Level 3.4 Unarmed Combat
 * Level 7.3 Shapeshifting


You had 7 spell levels left.
You didn't know any spells.
Your spell library contained the following spells:

 Spells                   Type           Power      Damage    Failure   Level
 Static Discharge         Conj/Air       0%         2-2/arc   50%         2
 Airstrike                Air            0%         2d(0-16)  98%         4
 Summon Lightning Spire   Summ/Air       0%         N/A       98%         4


Dungeon Overview and Level Annotations

Branches:
Dungeon (7/15)             Temple (0/1) D:6           Sewer (visited)

Altars:


Innate Abilities, Weirdness & Mutations

You are a hulking beast.
Your limbs bulge with bestial killing power. (Slay +5)
You cannot wear most types of armour.
You are amphibious.
You can wear up to eight rings at the same time.
Your skin changes colour to match your surroundings (Stealth+).
Your rubbery body absorbs attacks. (AC +1, EV +1)
((You are camouflaged when in or above water. (Stealth+)))
You have tentacles for arms and can constrict up to eight enemies at once.


Message History

You constrict the bullfrog. The bullfrog closely misses you.
The bullfrog snags a nearby blue-tailed skink with its tongue.
The bullfrog barely misses you.
You puncture the bullfrog!
The bullfrog is almost dead.
You constrict the bullfrog.
You kill the bullfrog!
Your Fighting skill increases to level 6!
No target in view!
Found a trident.
Found a staircase to the Ecumenical Temple.
Found a white potion.
H - 2 scrolls labelled EROYCAYTETZ (gained 1)
A hound and an ogre come into view.
There is a staircase to the Ecumenical Temple here.
The hound barks!
The ogre shouts!
The hound pauses to sniff the ground.
You barely miss the hound. You grab the hound. You constrict the hound.
The hound bites you. The hound barely misses you.
You puncture the hound!
The hound is severely wounded.
You constrict the hound. The hound bites you. x2
You hit the hound but do no damage. You tentacle-slap the hound.
You kill the hound!
You puncture the ogre! You squeeze the ogre.
The ogre is heavily wounded.
The ogre hits you with a +0 giant club!!
Ouch! That really hurt!
You are too injured to fight recklessly!
You are too injured to fight recklessly!
You closely miss the ogre.
The ogre is heavily wounded.
The ogre hits you with a +0 giant club!
* * * LOW HITPOINT WARNING * * *
You puncture the ogre!
The ogre is almost dead.
The ogre hits you with a +0 giant club!!
Ouch! That really hurt!
You die...

#....).# #......#
#......# #......#
#......# #......#
#####......########
#.................#
#...<.h†..........#
#......O..........#
+................P#
#...............PP#####
###########...P>P......
#....PP......
#............
+............
#O........!..


You could see an ogre.

Vanquished Creatures
  Pikel (D:5)
  Sigmund (D:2)
  A lemure (D:5)
  2 kobold brigands
  2 bullfrogs
  2 howler monkeys
  3 hounds
  An orc priest (D:4)
  A jelly (D:4)
  2 sleepcaps
  2 iguanas
  4 orc wizards
  Robin (D:2)
  6 adders
  5 river rats (Sewer)
  2 adder zombies (D:2)
  A worm (D:3)
  2 dart slugs (D:3)
  10 orcs
  12 ball pythons
  A bat skeleton (D:2)
  A bat zombie (D:2)
  6 endoplasms
  7 giant cockroaches
  16 goblins
  5 hobgoblins
  5 jackals
  16 kobolds
  4 quokkas
  2 ball python zombies (D:2)
  10 bats
  A frilled lizard (Sewer)
  A giant cockroach zombie (D:2)
  A quokka zombie (D:2)
  30 rats
167 creatures vanquished.

Notes
Turn   | Place    | Note
-------+----------+-------------------------------------------
     0 | D:1      | LeprechaunX the Octopode Shapeshifter began the quest for
                  | the Orb.
     0 | D:1      | Reached XP level 1. HP: 14/14 MP: 1/1
    63 | D:1      | Reached XP level 2. HP: 1/19 MP: 2/2
   383 | D:1      | Reached XP level 3. HP: 23/25 MP: 3/3
   805 | D:2      | Noticed Sigmund
   847 | D:2      | Killed Sigmund
   848 | D:2      | Reached skill level 4 in Shapeshifting
   848 | D:2      | Reached XP level 4. HP: 31/31 MP: 4/4
   848 | D:2      | Reached XP level 5. HP: 36/36 MP: 5/5
  1157 | D:2      | Reached XP level 6. HP: 42/42 MP: 6/6
  1157 | D:2      | Noticed Robin
  1169 | D:2      | Killed Robin
  1556 | D:3      | Found a glowing drain.
  1560 | Sewer    | Entered a sewer
  1602 | Sewer    | Reached skill level 1 in Polearms
  1744 | Sewer    | Reached skill level 5 in Shapeshifting
  2306 | D:3      | Reached XP level 7. HP: 48/48 MP: 7/7
  2814 | D:4      | You fall into a shaft and drop 3 floors!
  2902 | D:5      | Entered Level 5 of the Dungeon
  3312 | D:4      | Reached skill level 6 in Shapeshifting
  3312 | D:4      | Reached XP level 8. HP: 21/54 MP: 8/8
  3571 | D:5      | Noticed Pikel
  3827 | D:5      | Reached skill level 5 in Fighting
  4290 | D:5      | Killed Pikel
  4291 | D:5      | Reached skill level 7 in Shapeshifting
  4596 | D:6      | Found a staircase to the Ecumenical Temple.
  4627 | D:6      | Demolished by an ogre

Illustrated notes

Levels and vault maps discovered:
D:1:      minmay_arrival_semitransparent, layout_basic, st_stairs_2
D:2:      layout_loops_cross, serial_undead, serial_undead_a, serial_undead_f,
          serial_undead_f, serial_undead_f, serial_undead_a, serial_undead_e,
          uniq_robin, uniq_sigmund
D:3:      layout_loops_ring, gup_sewer_entry_spiral, minivault_14
D:4:      layout_basic, corexii_checkpoint_a, minmay_manual_monstrance
D:5:      layout_basic, uniq_pikel
D:6:      layout_gridville, mainiacjoe_overflow_concentric_impassable,
          minmay_temple_entry_overgrown, minmay_a_box_with_orc_wizards_in_it,
          uniq_crazy_yiuf_cottage, uniq_eustachio, uniq_edmund,
          uniq_blork_the_orc
D:7:      layout_cave_pods

Skill      XL: |  1  2  3  4  5  6  7  8 |
---------------+-------------------------+-----
Fighting       | 3 4 6 |  6.0
Unarmed Combat | 3 |  3.4
Shapeshifting  | 4 5 6 7 |  7.3
Polearms       | 1 2 3 |  3.0
Dodging        | |  2.0

Action                     |  1- 3 |  4- 6 |  7- 9 || total
---------------------------+-------+-------+-------++-------
  Melee: Unarmed           |    67 |    29 |       ||    96
         Tentacles         |     9 |    14 |    13 ||    36
         Constrict         |    13 |    30 |    17 ||    60
         Punch             |       |     5 |     3 ||     8
         Spear             |       |    88 |    92 ||   180
   Fire: Sling             |     4 |       |       ||     4
  Throw: Dart              |     4 |       |     8 ||    12
  Evoke: Wand              |       |       |     3 ||     3
    Use: Potion            |       |       |     1 ||     1
   Stab: Sleeping          |     5 |     7 |     9 ||    21
 Armour: Skin              |    13 |     9 |    29 ||    51
  Dodge: Dodged            |    51 |    78 |    34 ||   163
   Form: Storm             |     1 |     1 |       ||     2
         Beast             |     1 |     1 |       ||     2

Table legend: (Time is in decaauts)
 A = Elapsed time spent in this place.
 B = Non-inter-level travel time spent in this place.
 C = Inter-level travel time spent in this place.
 D = Time resting spent in this place.
 E = Time spent auto-exploring this place.
 F = Levels seen in this place.
 G = Mean time per level.
                   A        B        C        D        E       F      G
               +--------+--------+--------+--------+--------+-----+--------+
         Total |   4718 |   3959 |    759 |     37 |   2557 |   8 |  589.8 |
       Dungeon |   4152 |   3393 |    759 |     37 |   2222 |   7 |  593.1 |
         Sewer |    566 |    566 |      0 |      0 |    335 |   1 |  566.0 |
               +--------+--------+--------+--------+--------+-----+--------+

Top non-repeatable levels by time:
     D:5: 1085 daAuts
     D:3: 866 daAuts
     D:4: 824 daAuts
     D:2: 652 daAuts
     D:1: 595 daAuts
   Sewer: 566 daAuts
     D:7: 81 daAuts
     D:6: 45 daAuts
